 Dungeon Crawl Stone Soup version 0.23.2-1-ga50397a (webtiles) character file.

Game seed: 5459220289484022879

178 MalarOregon the Skirmisher (level 5, -1/46 HPs)
             Began as a Ghoul Fighter on May 30, 2019.
             Slain by Menkaure (16 damage)
             ... on level 3 of the Dungeon.
             The game lasted 00:03:45 (1764 turns).

MalarOregon the Skirmisher (Ghoul Fighter)          Turns: 1764, Time: 00:03:45

Health: -1/46      AC:  9    Str: 21    XL:     5   Next: 58%
Magic:  4/4        EV:  7    Int:  3    God:
Gold:   161        SH:  9    Dex:  8    Spells: 4/4 levels left

rFire    . . .     SeeInvis .     - Unarmed
rCold    + . .     Gourm    .   b - +0 shield
rNeg     + + +     Faith    .   a - +0 scale mail
rPois    ∞         Spirit   .   (no helmet)
rElec    .         Reflect  .   f - +1 cloak
rCorr    .         Harm     .   (no gloves)
MR       .....                  (no boots)
Stlth    ..........             (no amulet)
HPRegen  0.00/turn              (no ring)
MPRegen  0.09/turn              (no ring)

@: rotting
A: rotting body, claws 1, carnivore, cold resistance 1, negative energy
resistance 3, inhibited regeneration, torment resistance, unbreathing
a: no special abilities


You were on level 3 of the Dungeon.
You were not hungry.

You visited 1 branch of the dungeon, and saw 4 of its levels.

You collected 161 gold pieces.

Inventory:

Armour
 a - a +0 scale mail (worn)
 b - a +0 shield (worn)
 f - a +1 cloak (worn)
   (You found it on level 1 of the Dungeon)
 t - a +0 pair of gloves
   (You found it on level 2 of the Dungeon)
Jewellery
 i - an uncursed ring of protection from fire
   (You took it off an orc on level 3 of the Dungeon)
 r - an uncursed ring of ice {unknown}
   (You found it on level 2 of the Dungeon)
Scrolls
 g - 2 scrolls of remove curse {@r2}
 h - a scroll of fear {unknown}
 j - 2 scrolls of teleportation {@r4}
 k - 3 scrolls of identify {@r1}
Potions
 c - a potion of might
 l - a potion of cancellation {unknown}
 m - a potion of invisibility {unknown}
 n - 2 potions of agility {unknown}
 p - a potion of degeneration {unknown}
 s - 2 potions of brilliance
Comestibles
 d - 9 chunks of flesh
 e - 7 rations {!d}


   Skills:
 + Level 4.0 Fighting
 + Level 3.3 Armour
 * Level 3.8 Shields
 * Level 3.9 Unarmed Combat


You had 4 spell levels left.
You didn't know any spells.
Your spell library was empty.

Dungeon Overview and Level Annotations

Branches:
Dungeon (4/15)
 Temple: D:4-7

Altars:
Elyvilon
Qazlal
Zin

Annotations:
D:3 Menkaure


Innate Abilities, Weirdness & Mutations

Your body is rotting away.
You thrive on raw meat.
You are immune to poison.
You have sharp fingernails.
You are carnivorous and can eat meat at any time.
Your flesh is cold resistant. (rC+)
You are immune to negative energy. (rN+++)
You do not regenerate when monsters are visible.
You are immune to unholy pain and torment.
You can survive without breathing.


Message History

There is a stone staircase leading up here.
You claw the quokka!
You kill the quokka!
A jackal comes into view.
A ball python comes into view.
You climb upwards.
There is a stone staircase leading down here.
You climb downwards.
Level annotation: Menkaure The jackal completely misses you.
The jackal bites you.
The jackal bites you but does no damage.
The jackal closely misses you.
The jackal bites you but does no damage.
The jackal barely misses you.
There is a stone staircase leading up here.
You block the jackal's attack. x2
Menkaure mumbles some strange words.
Menkaure seems to speed up.
You block the jackal's attack. The jackal barely misses you.
The ball python barely misses you. x2
The jackal bites you but does no damage.
You climb upwards.
There is a stone staircase leading down here.
Your scale mail prevents you from hitting Menkaure.
Menkaure hits you but does no damage.
The jackal bites you but does no damage.
You block the jackal's attack. You block the ball python's attack.
The ball python grabs you. The ball python constricts you.
The jackal bites you.
Your shield and scale mail prevent you from hitting the ball python.
You block the jackal's attack. You block Menkaure's attack.
The jackal bites you but does no damage. x2
The ball python bites you but does no damage.
The ball python constricts you.
The jackal bites you but does no damage.
Menkaure barely misses you. The jackal barely misses you.
The jackal bites you but does no damage.
Some of the chunks of flesh in your inventory have rotted away.
You scratch the ball python.
You kill the ball python!
The jackal barely misses you.
The jackal bites you but does no damage.
Menkaure hits you. You block the jackal's attack.
You barely miss Menkaure. The jackal closely misses you.
You block the jackal's attack. The jackal bites you. Menkaure hits you.
The jackal bites you but does no damage.
The jackal barely misses you.
The jackal bites you but does no damage.
You claw Menkaure! Menkaure hits you!!
* * * LOW HITPOINT WARNING * * *
You block the jackal's attack. x3; Menkaure hits you!
You die...

#.........#(.########..
##....##...#...........
############......<...>..........
#.>..............#.#..#######.#..
####.#######.....#.##.....#.....#
..##.## ###..##.#.####.....#.#.#
..##..####.......#......#........
..##...........hhh<...###.#.....#
...............†@..#.............
...####..#.......M......###.###.#
..## #.##..............# #.##..#
..# #.##......<..#....###.#..##
..# #.##.........#........#.#..
..#####.##........#####.))......#
###................# ##..)....###
.#########.....[...###).###...###
...# #.[.......##..## #......


You could see Menkaure and 3 jackals.

Vanquished Creatures
  3 gnolls (D:3)
  3 adders
  2 oozes (D:2)
  2 worms
  2 dart slugs
  2 leopard geckos
  9 orcs (D:3)
  11 bats
  3 giant cockroaches
  11 goblins
  7 hobgoblins
  9 jackals
  8 kobolds
  3 quokkas
  A ball python (D:3)
  6 frilled lizards
  8 rats
90 creatures vanquished.

Notes
Turn   | Place    | Note
-------+----------+-------------------------------------------
     0 | D:1      | MalarOregon the Ghoul Fighter began the quest for the Orb.
     0 | D:1      | Reached XP level 1. HP: 19/19 MP: 0/0
    26 | D:1      | Reached XP level 2. HP: 15/26 MP: 1/1
   471 | D:1      | Reached XP level 3. HP: 31/31 MP: 2/2
   586 | D:2      | Found a white marble altar of Elyvilon.
   586 | D:2      | Found a stormy altar of Qazlal.
   624 | D:2      | Found a glowing silver altar of Zin.
   860 | D:2      | Reached XP level 4. HP: 26/40 MP: 3/3
  1344 | D:3      | Reached XP level 5. HP: 27/46 MP: 4/4
  1532 | D:3      | Reached skill level 4 in Fighting
  1752 | D:4      | Noticed Menkaure
  1764 | D:3      | Slain by Menkaure

Skill      XL: |  1  2  3  4  5 |
---------------+----------------+-----
Shields        | 3 |  3.8
Armour         | 3 |  3.3
Unarmed Combat | 3 |  3.9
Fighting       | 4 |  4.0

Action                   |  1- 3 |  4- 6 || total
-------------------------+-------+-------++-------
Melee: Unarmed           |   125 |   223 ||   348
  Use: Scroll            |       |     8 ||     8
  Eat: Chunk             |     4 |    19 ||    23
Armor: Scale mail        |    77 |   148 ||   225
Dodge: Dodged            |    38 |    85 ||   123
Block: Shield            |    56 |   151 ||   207
